 Dungeon Crawl Stone Soup version 0.23.0 (webtiles) character file.

Game seed: 12894942170604072665

157 xccam the Ruffian (level 5, -16/40 HPs)
             Began as a Draconian Transmuter on Feb 18, 2019.
             Demolished by Crazy Yiuf
             ... wielding a +4 quarterstaff of chaos
              (23 damage)
             ... on level 2 of the Dungeon.
             The game lasted 00:05:51 (2511 turns).

xccam the Ruffian (Draconian Transmuter)            Turns: 2511, Time: 00:05:57

Health: -16/40     AC:  5    Str: 12    XL:     5   Next: 15%
Magic:  1/8        EV: 12    Int: 15    God:
Gold:   65         SH:  0    Dex: 13    Spells: 5/8 levels left

rFire    . . .     SeeInvis .     - Unarmed
rCold    . . .     Gourm    .   (no shield)
rNeg     . . .     Faith    .   (armour unavailable)
rPois    .         Spirit   .   (helmet restricted)
rElec    .         Reflect  .   (no cloak)
rCorr    .         Harm     .   (no gloves)
MR       .....                  (boots currently unavailable)
Stlth    +.........             (no amulet)
HPRegen  0.13/turn              (no ring)
MPRegen  0.11/turn              (no ring)

@: appendage
A: unfitting armour, horns 1, talons 3, agile 1, cold-blooded, AC +5
a: End Transformation


You were on level 2 of the Dungeon.
You were not hungry.
You had grown temporary talons.
You visited 1 branch of the dungeon, and saw 2 of its levels.

You collected 65 gold pieces.

Inventory:

Missiles
 a - 4 arrows
Armour
 e - a +0 shield
Scrolls
 b - a scroll of enchant armour {unknown}
 d - a scroll of fog {unknown}
 f - a scroll of fear {unknown}
 g - a scroll of remove curse {unknown}
 j - 2 scrolls of identify {unknown}
Potions
 h - a potion of agility {unknown}
 i - a potion of heal wounds
Comestibles
 c - 4 rations
 k - 5 chunks of flesh


   Skills:
 - Level 1.1 Fighting
 - Level 1.7 Dodging
 + Level 4.9 Unarmed Combat
 - Level 2.0 Spellcasting
 + Level 3.8 Transmutations


You had 5 spell levels left.
You knew the following spells:

 Your Spells              Type           Power        Failure   Level  Hunger
a - Beastly Appendage     Tmut           ##....       4%          1    #......
b - Sticks to Snakes      Tmut           ##......     7%          2    ###....

Your spell library contained the following spells:

 Spells                   Type           Power        Failure   Level  Hunger
 Spider Form              Tmut/Pois      #.........   30%         3    ###....
 Ice Form                 Ice/Tmut       #.......     71%         4    #####..
 Blade Hands              Tmut           ##........   78%         5    ######.


Dungeon Overview and Level Annotations

Branches:
Dungeon (2/15)

Altars:
Dithmenos

Annotations:
D:2 Crazy Yiuf


Innate Abilities, Weirdness & Mutations

Your plain brown scales are hard. (AC +5)
You cannot fit into any form of body armour.
You are cold-blooded and may be slowed by cold attacks.
You have a pair of small horns on your head.
You have claws for feet.
You are agile. (Dex +2)


Message History

Crazy Yiuf hits you with a +4 quarterstaff of chaos.
Crazy Yiuf burns you.
You hit Crazy Yiuf.
Crazy Yiuf is moderately wounded.
Crazy Yiuf hits you with a +4 quarterstaff of chaos!
You feel yourself slow down. Crazy Yiuf freezes you.
Crazy Yiuf hits you with a +4 quarterstaff of chaos.
* * * LOW HITPOINT WARNING * * *
You are electrocuted!
* * * LOW HITPOINT WARNING * * *
You see here a mace.
Unknown command.
You aren't carrying any items that you can evoke.
It was a potion of heal wounds.
You feel much better.
You feel yourself speed up.
Crazy Yiuf hits you with a +4 quarterstaff of chaos!
* * * LOW HITPOINT WARNING * * *
Space warps horribly around you!!
Ouch! That really hurt!
You die...

.. #. .. #. ... ###♣♣♣♣♣
.....## ##...)♣)♣♣♣ ###
#........ ##......♣)@♣#)))#
#..#..#.. #...^..♣♣♣♣g')).#
#.....>.. #.....♣♣ ♣♣#)))#
#........ #.###♣♣ ###
#........ #.# #........
#.## #........
#..################......†.
#..........................
#..........................


You could see Crazy Yiuf.

Vanquished Creatures
  Robin (D:2)
  3 adders
  An ooze (D:1)
  A worm (D:2)
  2 leopard geckos
  2 ball pythons (D:1)
  4 bats
  A giant cockroach (D:1)
  8 goblins
  3 hobgoblins
  9 jackals
  A quokka (D:2)
  5 frilled lizards (D:1)
  11 kobolds
  9 rats
61 creatures vanquished.

Vanquished Creatures (collateral kills)
  A sky beast (D:1)
  4 goblins (D:2)
  A hobgoblin (D:2)
  A jackal (D:2)
7 creatures vanquished.

Grand Total: 68 creatures vanquished

Notes
Turn   | Place    | Note
-------+----------+-------------------------------------------
     0 | D:1      | xccam the Draconian Transmuter began the quest for the Orb.
     0 | D:1      | Reached XP level 1. HP: 16/16 MP: 3/3
   210 | D:1      | Reached XP level 2. HP: 9/23 MP: 3/5
   214 | D:1      | Learned a level 2 spell: Sticks to Snakes
  1316 | D:2      | Reached XP level 3. HP: 28/28 MP: 4/6
  1325 | D:1      | Gained mutation: Your spells are a little easier to cast,
                  | but a little less powerful. [potion of mutation]
  1325 | D:1      | Gained mutation: You tend to lose your temper in combat.
                  | [potion of mutation]
  1325 | D:1      | Lost mutation: Your spells are a little easier to cast, but
                  | a little less powerful. [potion of mutation]
  1331 | D:1      | Reached skill level 4 in Unarmed Combat
  1367 | D:1      | Lost mutation: You tend to lose your temper in combat.
                  | [potion of mutation]
  1367 | D:1      | Gained mutation: You are agile. (Dex +2) [potion of
                  | mutation]
  1367 | D:1      | Gained mutation: You have a pair of small horns on your
                  | head. [potion of mutation]
  1643 | D:2      | Noticed a sky beast
  1651 | D:2      | Reached XP level 4. HP: 19/35 MP: 5/7
  1891 | D:1      | Killed a sky beast
  2157 | D:2      | Found a shadowy altar of Dithmenos.
  2210 | D:2      | Reached XP level 5. HP: 40/40 MP: 8/8
  2340 | D:2      | Noticed Robin
  2363 | D:2      | Killed Robin
  2437 | D:2      | Found a runed translucent door.
  2438 | D:2      | Noticed Crazy Yiuf
  2510 | D:2      | HP: 1/40 [Crazy Yiuf/+4 quarterstaff of chaos (11)]
  2511 | D:2      | Demolished by Crazy Yiuf

Skill      XL: |  1  2  3 |
---------------+----------+-----
Unarmed Combat | 4 |  4.9
Transmutations | 3 |  3.8
Fighting       | |  1.1
Dodging        | |  1.7
Spellcasting   | |  2.0

Action                   |  1- 3 |  4- 6 || total
-------------------------+-------+-------++-------
Melee: Unarmed           |   124 |    44 ||   168
       Tailslap          |    11 |     6 ||    17
       Headbutt          |     6 |     8 ||    14
       Kick              |     2 |     3 ||     5
       Punch             |       |     3 ||     3
 Cast: Beastly Appendage |     5 |     3 ||     8
       Sticks to Snakes  |     3 |     5 ||     8
  Use: Potion            |     2 |     1 ||     3
  Eat: Chunk             |     3 |     3 ||     6
Armor: Skin              |    45 |    12 ||    57
Dodge: Dodged            |    83 |    38 ||   121
